 Dungeon Crawl Stone Soup version 0.21.1-1-g345015f (webtiles) character file.

85 tidbits the Charmwright (level 4, 3/38 HPs)
             Began as a Gnoll Skald on June 27, 2018.
             Quit the game on level 4 of the Dungeon.
             The game lasted 00:03:40 (476 turns).

tidbits the Charmwright (Gnoll Skald)                Turns: 476, Time: 00:03:40

Health: 3/38       AC:  5    Str: 13    XL:     4   Next: 48%
Magic:  1/11       EV: 14    Int: 17    God:
Gold:   56         SH:  0    Dex: 14    Spells: 2/13 levels left

rFire    . . .     SeeInvis .   a - +0 hand axe
rCold    . . .     Gourm    .   (no shield)
rNeg     . . .     Faith    .   b - +0 leather armour
rPois    .         Spirit   .   E - +1 helmet
rElec    .         Reflect  .   (no cloak)
rCorr    .         Harm     .   (no gloves)
MR       .....                  (no boots)
Stlth    +.........             (no amulet)
HPRegen  0.12/turn              (no ring)
MPRegen  0.12/turn              (no ring)

@: singing
A: distributed training, fangs 1, strong nose
a: no special abilities


You were on level 4 of the Dungeon.
You were not hungry.

You visited 1 branch of the dungeon, and saw 4 of its levels.

You collected 56 gold pieces.

Inventory:

Hand Weapons
 a - a +0 hand axe (weapon)
 e - a +0 dagger
 f - a cursed -2 flail
 j - a +2 spear of piercing
   (You took it off a gnoll on level 3 of the Dungeon)
Armour
 b - a +0 leather armour (worn)
 n - a +0 ring mail
 E - a +1 helmet (worn)
Scrolls
 g - a scroll of enchant weapon {unknown}
 h - 4 scrolls of enchant armour {unknown}
 i - 2 scrolls of remove curse {unknown}
 k - a scroll of immolation {unknown}
 l - a scroll of teleportation {unknown}
 m - a scroll of fog {unknown}
Books
 c - a book of Battle

   Spells                             Type                      Level
   a - Infusion                       Charms                       1
   b - Shroud of Golubria             Charms/Translocation         2
   c - Song of Slaying                Charms                       2
   d - Spectral Weapon                Hexes/Charms                 3
   e - Regeneration                   Charms/Necromancy            3
Comestibles
 d - 5 rations


   Skills:
 + Level 4.6 Fighting
 + Level 1.1 Short Blades
 + Level 1.1 Long Blades
 + Level 4.6 Axes
 + Level 1.1 Maces & Flails
 + Level 1.1 Polearms
 + Level 1.1 Staves
 + Level 1.1 Slings
 + Level 1.1 Bows
 + Level 1.1 Crossbows
 + Level 1.1 Throwing
 + Level 2.7 Armour
 + Level 4.6 Dodging
 + Level 1.1 Stealth
 + Level 1.1 Shields
 + Level 1.1 Unarmed Combat
 + Level 5.1 Spellcasting
 + Level 0.9 Conjurations
 + Level 0.9 Hexes
 + Level 5.4 Charms
 + Level 0.9 Summonings
 + Level 0.9 Necromancy
 + Level 0.9 Translocations
 + Level 0.9 Transmutations
 + Level 0.9 Fire Magic
 + Level 0.9 Ice Magic
 + Level 0.9 Air Magic
 + Level 0.9 Earth Magic
 + Level 0.9 Poison Magic
 + Level 1.2 Invocations
 + Level 1.1 Evocations


You had 2 spell levels left.
You knew the following spells:

 Your Spells              Type           Power        Failure   Level  Hunger
g - Shroud of Golubria    Chrm/Tloc      ###.......   7%          2    #......
i - Infusion              Chrm           ###.         1%          1    None
r - Regeneration          Chrm/Necr      ###.......   14%         3    ###....
w - Spectral Weapon       Hex/Chrm       ###.....     14%         3    ###....
y - Song of Slaying       Chrm           ###.....     2%          2    #......


Dungeon Overview and Level Annotations

Branches:
Dungeon (4/15)
 Temple: D:4-7

Altars:
Ashenzari


Innate Abilities, Weirdness & Mutations

Your experience applies equally to all skills.
You have very sharp teeth.
Your uncanny sense of smell can sniff out nearby items.


Message History

a spear of piercing; a hunting sling; a flail; a gnoll corpse
f - a flail;
j - a spear of piercing You see here a kobold corpse.
Your song is almost over.
You see here 18 gold pieces.
You now have 44 gold pieces (gained 18).
You see here a kobold corpse.
Your song has ended.
There is a stone staircase leading down here.
You fly downwards.
There is a stone staircase leading up here.
Unknown command.
Found 12 gold pieces.
Casting: Regeneration
Confirm with . or Enter, or press ? or * to list all spells.
Your skin crawls.
Unknown command.
You see here 12 gold pieces.
You now have 56 gold pieces (gained 12).
Your skin is crawling a little less now.
You are starting to lose your buoyancy.
A leopard gecko comes into view.
The helpless leopard gecko fails to defend itself.
You hit the leopard gecko but do no damage.
The leopard gecko barely misses you.
You barely miss the leopard gecko. The leopard gecko barely misses you.
You hit the leopard gecko.
The leopard gecko is severely wounded.
The leopard gecko barely misses you.
You closely miss the leopard gecko.
You bite the leopard gecko, but do no damage.
The leopard gecko is severely wounded.
You float gracefully downwards.
Your skin stops crawling.
The leopard gecko misses you.
You hit the leopard gecko.
You kill the leopard gecko!
You see here a leopard gecko corpse.
You enter a teleport trap!
The teleport trap disappears.
Your surroundings suddenly seem different.
Found 3 scrolls labeled HITHIG UCHACO and 7 stones.
Unknown command.
Your extra speed is starting to run out.
You see here 3 scrolls labeled HITHIG UCHACO.
h - 4 scrolls labeled HITHIG UCHACO (gained 3)
You feel yourself slow down.
Found a giant club.
Unknown command.
Your magical contamination has completely faded away.
Found a ration.
Found a stone staircase leading down.
You see here a ration.
d - 5 rations (gained 1)
A leopard gecko and a skeleton come into view.
Found a runed hunting sling.
Casting: Regeneration
Confirm with . or Enter, or press ? or * to list all spells.
You draw out your weapon's spirit!
You swap places.
The leopard gecko skeleton barely misses your spectral weapon.
You swap places.
The leopard gecko skeleton misses you.
You hit the leopard gecko skeleton.
The leopard gecko skeleton is severely damaged.
Your spectral weapon hits the leopard gecko skeleton.
You destroy the leopard gecko skeleton!
An adder comes into view.
The adder hisses angrily.
There is a stone staircase leading down here.
Casting: Spectral Weapon
Confirm with . or Enter, or press ? or * to list all spells.
You start singing a song of slaying.
You hear a shout!
Unknown command.
An ogre comes into view. It is wielding a giant club.
You completely miss the adder. You bite the adder, but do no damage.
Your spectral weapon hits the adder.
The adder barely misses you. The adder bites you but does no damage.
You hit the adder but do no damage.
The adder is moderately wounded.
Your spectral weapon barely misses the adder.
The adder bites you.
You hit the adder.
The adder is heavily wounded.
Your spectral weapon barely misses the adder.
The adder misses you.
You barely miss the adder.
The adder is heavily wounded.
You barely miss the ogre.
Your spectral weapon fades away.
The adder misses you. The ogre hits you with a giant club!!
* * * LOW HITPOINT WARNING * * *
The adder bites you but does no damage.
You barely miss the adder.
The adder is heavily wounded.
You barely miss the ogre. The ogre barely misses you.
The adder bites you but does no damage.
You aren't carrying any potions.
Unknown command.
Are you sure you want to abandon this character and quit the game? (Confirm with "yes".)

#..# #..# #..# # #..#
#.# #####..# #.#
#...(..######.####
.................#####..
...........##..O........
..####.##..##.#.@S......
...........##..>.#####..
..####.##.##...........
... #.......#...######
... ####.#####.## ....
#.# #.# ... #.# ##)# #.#
..# #..


You could see an ogre and an adder.

Vanquished Creatures
  4 gnolls (D:3)
  2 adders (D:2)
  A dart slug (D:1)
  2 leopard geckos
  3 bats
  2 giant cockroaches
  4 hobgoblins
  3 kobolds
  2 frilled lizards (D:1)
  A leopard gecko skeleton (D:4)
  2 rats
26 creatures vanquished.

Notes
Turn   | Place    | Note
-------+----------+-------------------------------------------
     0 | D:1      | tidbits the Gnoll Skald began the quest for the Orb.
     0 | D:1      | Reached XP level 1. HP: 20/20 MP: 6/6
    65 | D:1      | Reached XP level 2. HP: 24/26 MP: 2/7
    69 | D:1      | Learned a level 2 spell: Song of Slaying
    72 | D:1      | Learned a level 2 spell: Shroud of Golubria
   231 | D:2      | Reached skill level 5 in Spellcasting
   231 | D:2      | Reached XP level 3. HP: 15/31 MP: 3/9
   236 | D:2      | Learned a level 3 spell: Spectral Weapon
   240 | D:2      | Learned a level 3 spell: Regeneration
   242 | D:2      | Found a shattered altar of Ashenzari.
   318 | D:3      | Reached skill level 1 in Invocations
   384 | D:3      | Reached skill level 1 in Short Blades
   384 | D:3      | Reached skill level 1 in Long Blades
   384 | D:3      | Reached skill level 1 in Maces & Flails
   384 | D:3      | Reached skill level 1 in Polearms
   384 | D:3      | Reached skill level 1 in Staves
   384 | D:3      | Reached skill level 1 in Slings
   384 | D:3      | Reached skill level 1 in Bows
   384 | D:3      | Reached skill level 1 in Crossbows
   384 | D:3      | Reached skill level 1 in Throwing
   384 | D:3      | Reached skill level 1 in Stealth
   384 | D:3      | Reached skill level 1 in Shields
   384 | D:3      | Reached skill level 1 in Unarmed Combat
   384 | D:3      | Reached skill level 1 in Evocations
   388 | D:3      | Reached XP level 4. HP: 15/38 MP: 3/11
   393 | D:3      | HP: 3/38 [gnoll/spear (4)]
   471 | D:4      | Noticed an ogre
   474 | D:4      | HP: 3/38 [ogre/giant club (18)]
   476 | D:4      | Quit the game

Skill      XL: |  1  2  3 |
---------------+----------+-----
Spellcasting   | 5 |  5.1
Invocations    | 1 |  1.2
Short Blades   | 1 |  1.1
Long Blades    | 1 |  1.1
Maces & Flails | 1 |  1.1
Polearms       | 1 |  1.1
Staves         | 1 |  1.1
Slings         | 1 |  1.1
Bows           | 1 |  1.1
Crossbows      | 1 |  1.1
Throwing       | 1 |  1.1
Stealth        | 1 |  1.1
Shields        | 1 |  1.1
Unarmed Combat | 1 |  1.1
Evocations     | 1 |  1.1
Fighting       | |  4.6
Axes           | |  4.6
Armour         | |  2.7
Dodging        | |  4.6
Conjurations   | |  0.9
Hexes          | |  0.9
Charms         | |  5.4
Summonings     | |  0.9
Necromancy     | |  0.9
Translocations | |  0.9
Transmutations | |  0.9
Fire Magic     | |  0.9
Ice Magic      | |  0.9
Air Magic      | |  0.9
Earth Magic    | |  0.9
Poison Magic   | |  0.9

Action                   |  1- 3 |  4- 6 || total
-------------------------+-------+-------++-------
Melee: Hand axe          |    45 |    16 ||    61
       Bite              |     6 |     2 ||     8
 Cast: Infusion          |     3 |       ||     3
       Song of Slaying   |     4 |     1 ||     5
       Shroud of Golubri |     1 |       ||     1
       Spectral Weapon   |     3 |     1 ||     4
       Regeneration      |     1 |     1 ||     2
  Use: Potion            |       |     2 ||     2
 Stab: Sleeping          |       |     1 ||     1
Armor: Leather armour    |    10 |     5 ||    15
Dodge: Dodged            |    40 |    14 ||    54

Table legend:
 A = Turns spent in this place as a percentage of turns spent in the entire game.
 B = Non-inter-level travel turns spent in this place as a percentage of non-inter-level travel turns spent in the entire game.
 C = Inter-level travel turns spent in this place as a percentage of turns spent in this place.
 D = Turns resting spent in this place as a percentage of non-inter-level travel turns spent in this place.
 E = Turns spent auto-exploring this place as a percentage of non-inter-level travel turns spent in this place.
 F = Non-inter-level travel turns spent in this place divided by the number of levels of this place that you've seen.
                   A       B       C       D       E      F
               +-------+-------+-------+-------+-------+----------------------
         Total | 100.0 | 100.0 |   0.0 |   0.0 |   0.0 | 119.0
       Dungeon | 100.0 | 100.0 |   0.0 |   0.0 |   0.0 | 119.0
               +-------+-------+-------+-------+-------+----------------------

Table legend:
 A = Kills in this place as a percentage of kills in entire the game.
 B = Kills by you in this place as a percentage of kills by you in the entire game.
 C = Kills by friends in this place as a percentage of kills by friends in the entire game.
 D = Other kills in this place as a percentage of other kills in the entire game.
 E = Experience gained in this place as a percentage of experience gained in the entire game.
 F = Experience gained in this place divided by the number of levels of this place that you have seen.
                   A       B       C       D       E      F
               +-------+-------+-------+-------+-------+----------------------
         Total | 100.0 | 100.0 |   N/A |   N/A | 100.0 |  30.5
       Dungeon | 100.0 | 100.0 |   N/A |   N/A | 100.0 |  30.5
               +-------+-------+-------+-------+-------+----------------------

Vault maps used:
D:1:      matt_arrival_diagonals
D:2:      evilmike_ruin_ashenzari, nicolae_overflow_crystal_walls
D:3:      wad_pebble_path
D:4:      minmay_door_path, first_ration, uniq_duvessa, uniq_ijyb,
          uniq_eustachio
